 Dungeon Crawl Stone Soup version 0.27-a0-684-g359e429f13 (webtiles) character file.

Game seed: 10140295388980823984

42 Johnny the Slasher (level 3, -4/54 HPs)
             Began as a Troll Berserker on Mar 19, 2021.
             Was a Follower of Trog.
             Slain by Sigmund
             ... wielding a +0 scythe
              (8 damage)
             ... on level 2 of the Dungeon.
             The game lasted 00:01:17 (827 turns).

Johnny the Slasher (Troll Berserker)                 Turns: 827, Time: 00:01:17

Health: -4/54      AC:  4    Str: 26    XL:     3   Next: 33%
Magic:  2/2        EV: 10    Int:  3    God:    Trog [*.....]
Gold:   26         SH:  0    Dex:  9    Spells: 2/2 levels left

rFire    . . .     SeeInvis .   a - +0 falchion
rCold    . . .     Faith    .   (no shield)
rNeg     . . .     Spirit   .   b - +0 animal skin
rPois    .         Reflect  .   (helmet restricted)
rElec    .         Harm     .   (no cloak)
rCorr    .         Rampage  .   (gloves unavailable)
Will     +....                  (boots unavailable)
Stlth    ..........             (no amulet)
HPRegen  1.18/turn              d - ring of willpower
MPRegen  0.08/turn              (no ring)

@: berserking, very quick
A: large, unfitting armour, claws 3, regeneration 1, shaggy fur 1, tough skin 1
a: Renounce Religion, Berserk


You were on level 2 of the Dungeon.
You worshipped Trog.
Trog was aware of your devotion.
You visited 1 branch of the dungeon, and saw 2 of its levels.

You collected 26 gold pieces.

Inventory:

Hand Weapons
 a - a +0 falchion (weapon)
Armour
 b - a +0 animal skin (worn)
Jewellery
 d - a ring of willpower (right claw)
 g - a ring of flight
Scrolls
 c - 2 scrolls of identify
 i - a scroll of magic mapping {unknown}
 j - a scroll of teleportation {unknown}
Potions
 f - a potion of flight
 h - a potion of might {unknown}


   Skills:
 + Level 2.9 Fighting
 * Level 3.3 Long Blades
 - Level 2.4 Dodging


You had 2 spell levels left.
You didn't know any spells.
Your spell library was empty.

Dungeon Overview and Level Annotations

Branches:
Dungeon (2/15)

Altars:

Annotations:
D:2 Sigmund


Innate Abilities, Weirdness & Mutations

You are too large for most types of armour.
You have claws for hands.
Your natural rate of healing is unusually fast.
You are covered in fur. (AC +1)
You have tough skin. (AC +1)


Message History

You are too injured to fight recklessly!
You are too injured to fight recklessly!
You are too injured to fight recklessly!
You are too injured to fight recklessly!
You are too injured to fight recklessly!
You are too injured to fight recklessly!
You are too injured to fight recklessly!
You are too injured to fight recklessly!
You are too injured to fight recklessly!
You are too injured to fight recklessly!
You are too injured to fight recklessly!
Unknown command.
You are too injured to fight recklessly!
You hit the goblin.
You kill the goblin!
Trog accepts your kill. The bat hits you but does no damage.
Something hits you but does no damage.
You swing at nothing.
Something hits you but does no damage. The bat hits you but does no damage.
You closely miss the bat. The bat hits you but does no damage.
Something hits you but does no damage. x2
You swing at nothing.
The bat hits you but does no damage. Something hits you but does no damage.
You cannot move.
There is a strange disturbance nearby!
Something hits you but does no damage.
You closely miss the bat.
You feel less wooden.
Your +0 animal skin unmelds from your body.
The bat barely misses you.
You riposte.
You closely miss the bat. Something hits you! The bat hits you.
Something hits you.
* * * LOW HITPOINT WARNING * * *
You see here a leopard gecko corpse.
A red film seems to cover your vision as you go berserk!
You feel yourself moving faster!
You feel mighty! The bat closely misses you. Something hits you!
* * * LOW HITPOINT WARNING * * *
You miss something. The bat hits you but does no damage. Something hits you!
You die...

.##############
..@............
#..# # #b.##
....##.{.##
#......@#.#
.......#.##
.......)##
.[.....#
....(...
.......#
....... .......
.#.#


You could see a bat.

Vanquished Creatures
  2 adders (D:2)
  An ooze (D:1)
  A leopard gecko (D:2)
  2 goblins
  3 hobgoblins
  A quokka (D:1)
  4 bats (D:1)
  3 frilled lizards (D:1)
  A kobold (D:1)
  3 rats (D:1)
21 creatures vanquished.

Notes
Turn   | Place    | Note
-------+----------+-------------------------------------------
     0 | D:1      | Johnny the Troll Berserker began the quest for the Orb.
     0 | D:1      | Reached XP level 1. HP: 22/22 MP: 0/0
   321 | D:1      | Reached XP level 2. HP: 28/29 MP: 1/1
   409 | D:1      | Reached skill level 3 in Long Blades
   781 | D:2      | Noticed Sigmund
   801 | D:2      | Reached XP level 3. HP: 36/36 MP: 2/2
   827 | D:2      | Slain by Sigmund

Illustrated notes

Levels and vault maps discovered:
D:1:      scummos_arrival_checkerplants, layout_basic
D:2:      layout_loops_ring, fedhas_altar_1, uniq_sigmund

Skill      XL: |  1  2 |
---------------+-------+-----
Long Blades    | 3 |  3.3
Fighting       | |  2.9
Dodging        | |  2.4

Action                   || total
-------------------------++-------
Melee: Falchion          ||    77
Invok: Berserk           ||     1
  Use: Scroll            ||     2
       Potion            ||     1
Armor: Animal skin       ||    27
       Skin              ||    94
Dodge: Dodged            ||    40
       Rpst.: Falchion   ||    17

Table legend: (Time is in decaauts)
 A = Elapsed time spent in this place.
 B = Non-inter-level travel time spent in this place.
 C = Inter-level travel time spent in this place.
 D = Time resting spent in this place.
 E = Time spent auto-exploring this place.
 F = Levels seen in this place.
 G = Mean time per level.
                   A        B        C        D        E       F      G
               +--------+--------+--------+--------+--------+-----+--------+
         Total |    838 |    814 |     24 |      0 |    652 |   2 |  419.0 |
       Dungeon |    838 |    814 |     24 |      0 |    652 |   2 |  419.0 |
               +--------+--------+--------+--------+--------+-----+--------+

Top non-repeatable levels by time:
     D:1: 787 daAuts
     D:2: 51 daAuts
